 Dungeon Crawl Stone Soup version 0.29.1-1-gd02db6906a (webtiles) character file.

Game seed: 17273569302323441752

9 Colgate the Chiller (level 2, 0/19 HPs)
             Began as a Barachi Ice Elementalist on Oct 12, 2022.
             Slain by a jackal (2 damage)
             ... on level 1 of the Dungeon.
             The game lasted 00:01:36 (262 turns).

Colgate the Chiller (Barachi Ice Elementalist)       Turns: 262, Time: 00:01:36

Health: 0/19       AC:  2    Str:  9    XL:     2   Next: 16%
Magic:  0/5        EV: 12    Int: 15    God:
Gold:   33         SH:  0    Dex: 12    Spells: 4/5 levels left

rFire   . . .      SeeInvis .   (no weapon)
rCold   + . .      Faith    .   (no shield)
rNeg    . . .      Spirit   .   a - +0 robe
rPois   .          Reflect  .   (no helmet)
rElec   .          Harm     .   (no cloak)
rCorr   .          Rampage  .   (no gloves)
Will    .....                   (no boots)
Stlth   ++........              (no amulet)
HPRegen 0.06/turn               d - ring of protection from cold
MPRegen 0.09/turn               (no ring)

@: slow
A: amphibious, slowness 1, strong legs 1, +LOS
a: Hop


You were on level 1 of the Dungeon.
You visited 1 branch of the dungeon, and saw 1 of its levels.

You collected 33 gold pieces.

Inventory:

Armour
 a - a +0 robe (worn)
Jewellery
 d - a ring of protection from cold (left hand)
Scrolls
 e - a scroll of vulnerability {unknown}
Potions
 b - a potion of magic
 c - a potion of attraction {unknown}


   Skills:
 - Level 2.1 Dodging
 - Level 1.7 Stealth
 - Level 2.1 Spellcasting
 + Level 5.4 Ice Magic


You had 4 spell levels left.
You knew the following spells:

 Your Spells              Type           Power      Damage    Failure   Level
a - Freeze                Ice            72%        1d9       2%          1

Your spell library contained the following spells:

 Spells                   Type           Power      Damage    Failure   Level
 Frozen Ramparts          Ice            36%        1d6       7%          3
 Ozocubu's Armour         Ice            18%        N/A       7%          3
 Hailstorm                Conj/Ice       9%         3d4       56%         4


Dungeon Overview and Level Annotations

Branches:
Dungeon (1/15)

Altars:


Innate Abilities, Weirdness & Mutations

You are amphibious.
You cover ground slowly.
You can hop short distances.
You have an extended range of vision and can be seen from far away.


Message History

The jackal bites you.
Casting: Freeze (safe; 2% risk of failure)
You don't have enough magic to cast this spell.
Unknown command.
Hop to where?
Found 3 scrolls labelled BYISIW EMOSU.
Boing!
You closely miss the jackal. The jackal bites you.
You closely miss the jackal. The jackal closely misses you.
You hit the jackal but do no damage. Your punch misses the jackal.
The jackal closely misses you. The jackal misses you.
You hit the jackal but do no damage. The jackal closely misses you.
You miss the jackal. The jackal barely misses you.
The jackal bites you but does no damage.
Casting: Freeze (safe; 2% risk of failure)
Aiming: Freeze (safe; 2% risk of failure)
Aim: a jackal You freeze the jackal.
The jackal bites you.
You hit the jackal but do no damage. The jackal bites you.
You hit the jackal but do no damage. The jackal closely misses you. x2
You barely miss the jackal. The jackal barely misses you.
You closely miss the jackal. The jackal closely misses you.
The jackal bites you.
You hit the jackal but do no damage.
The jackal bites you but does no damage.
You hit the jackal but do no damage. The jackal bites you.
You hit the jackal. The jackal bites you. x2
* * * LOW HITPOINT WARNING * * *
You barely miss the jackal. The jackal misses you.
You completely miss the jackal. The jackal barely misses you.
The jackal closely misses you.
Casting: Freeze (safe; 2% risk of failure)
Aiming: Freeze (safe; 2% risk of failure)
Aim: a jackal (heavily wounded)
You freeze the jackal. The jackal misses you.
You barely miss the jackal.
You are ready to hop once more.
The jackal bites you.
* * * LOW HITPOINT WARNING * * *
You hit the jackal but do no damage. The jackal bites you.
You die...

####.............##..~P~......##~
#.........##..#######+#....###
#.....†...##..##### +....+ .
###.##.#..........# #....# #
#.................# ......#
#.................# ......#
#...........#h..####.......#
#...........#h#..hh........
###+##.####.#@#####........
#..................$..... ###
#....#######.............
...##...#......#?.........###
##........#..#.#............
.........#.....#.......##....
....#....#...#.#.......# ....
.##......####..######### +##
##...........#


You could see 2 jackals.

Vanquished Creatures
  An endoplasm (D:1)
  A giant cockroach (D:1)
  A hobgoblin (D:1)
  2 jackals (D:1)
  3 frilled lizards (D:1)
  A rat (D:1)
9 creatures vanquished.

Vanquished Creatures (others)
  10 plants (D:1)
10 creatures vanquished.

Grand Total: 19 creatures vanquished

Notes
Turn   | Place    | Note
-------+----------+-------------------------------------------
     0 | D:1      | Colgate the Barachi Ice Elementalist began the quest for
                  | the Orb.
     0 | D:1      | Reached XP level 1. HP: 13/13 MP: 3/3
    44 | D:1      | Reached skill level 5 in Ice Magic
   239 | D:1      | Reached XP level 2. HP: 19/19 MP: 3/5
   262 | D:1      | Slain by a jackal

Illustrated notes

Levels and vault maps discovered:
D:1:      erik_arrival_blinker_ship, layout_basic, basic_ecumenical_altar,
          st_stairs_10, serial_bayou_lagoon_a

Skill      XL: |  1 |
---------------+----+-----
Ice Magic      | 5 |  5.4
Dodging        | |  2.1
Stealth        | |  1.7
Spellcasting   | |  2.1

Action                   || total
-------------------------++-------
Melee: Unarmed           ||    42
       Punch             ||     2
 Cast: Freeze            ||    14
 Abil: Hop               ||     2
Armor: Robe              ||     5
Dodge: Dodged            ||    20
